AoeStats
← [ KOF ] M. Kowalski

Nomad

503283819Analyzed
1v1 RM · 1mo ago on Aug 31, 2026· 50m 48s· 2 players
Game mode
Random Map
Map size
126×126
Population
200
Speed
Normal
Resources
Standard
Victory
Conquest
Starting age
Dark Age
Ending age
Imperial Age
RankedLock teamsTeams togetherTeam positionsShared explorationLock speedFull tech treeHidden civsTurbo modeCheats
Victory
Defeat
🇦🇷 Spanish · Argentina
1126
+15
🇮🇳 Saracens · India
1094
-15
[ KOF ] M. Kowalski
4:52 Loom
13:50 Feudal Age
14:50 Town Watch
17:35 Castle Age
16:01 Stone Mining
24:39 Fletching
28:39 Bodkin Arrow
29:13 Fishing Lines
29:41 Double-Bit Axe
31:49 Gillnets
37:16 Imperial Age
38:04 Bracer
39:18 Elite Skirmisher
40:56 Padded Archer Armor
47:45 Ballistics
50:40 Chemistry
AG
4:24 Loom
13:15 Feudal Age
15:32 Fletching
20:16 Castle Age
22:40 Scale Barding Armor
24:54 Double-Bit Axe
28:37 Medium Warships
32:09 Imperial Age
37:36 Bloodlines
47:33 Chain Barding Armor
Connection lost

Rejoining the realm…

Still unreachable

The connection could not be restored.

Session expired

The server has moved on; the page needs a fresh start.